 Dungeon Crawl Stone Soup version 0.16-a0-3003-ga5c7ff4 (webtiles) character file.

93366 Chiseanne the Severer (level 16, -10/139 HPs)
             Began as a Formicid Fighter on Dec 7, 2014.
             Was the Champion of Makhleb.
             Killed from afar by a Hell Sentinel (28 damage)
             ... with a blast of hellfire
             ... on level 2 of the Abyss.
             The game lasted 02:11:57 (26313 turns).

Chiseanne the Severer (Formicid Fighter)           Turns: 26313, Time: 02:11:57

Health: -10/139    AC: 24    Str: 33    XL:     16   Next: 56%
Magic:  31/31      EV: 13    Int:  8    God:    Makhleb [******]
Gold:   2631       SH: 23    Dex: 13    Spells: 0 memorised, 15 levels left

rFire  + . .     SeeInvis +     s - +1 broad axe (freeze)
rCold  + . .     Clarity  .     J - +3 plate armour {rC+}
rNeg   . . .     SustAb   .     r - +1 large shield
rPois  .         Gourm    .     (helmet unavailable)
rElec  +         Spirit   .     y - +0 cloak
rCorr  .         Warding  .     D - +0 pair of gloves
rMut   .         Stasis   +     m - +0 pair of boots
MR     ++...                    E - amulet of regeneration
Stlth  ..........               U - ring of protection from magic
                                T - ring of protection from fire

@: mighty, agile, very slightly contaminated, invisible, very resistant to
hostile enchantments, extremely unstealthy
A: permanent stasis, dig shafts and tunnels, four strong arms, antennae 3, icy
blue scales 1, clumsy 1, regeneration 1, robust 1, electricity resistance,
evolution 1, MP-powered wands 1
a: Dig, Shaft Self, Minor Destruction, Lesser Servant of Makhleb, Major
Destruction, Greater Servant of Makhleb, Renounce Religion


You were on level 2 of the Abyss.
You worshipped Makhleb.
Makhleb was exalted by your worship.
You were very full.

You visited 2 branches of the dungeon, and saw 22 of its levels.
You visited the Abyss 1 time.
You also visited: Labyrinth and Ice Cave.

You collected 2631 gold pieces.

Inventory:

Hand weapons
 a - the +2 battleaxe "Veaco" {flame, *Rage +Blink MR+ SInv}
   (You found it on level 13 of the Dungeon)

   It emits flame when wielded, causing extra injury to most foes and up to
   double damage against particularly susceptible opponents.
   Big, fiery blades are also staple armaments of hydra-hunters.
   It affects your resistance to hostile enchantments.
   It enhances your eyesight.
   It lets you blink.
   It may make you go berserk in combat.
 d - a +5 morningstar of protection
 f - a +1 morningstar of holy wrath
 s - a +1 broad axe of freezing (weapon)
 K - a +0 battleaxe
Missiles
 e - 3 tomahawks
 h - 3 throwing nets
 v - 7 poisoned javelins
 M - 6 javelins (quivered)
Armour
 m - a +0 pair of boots (worn)
 o - a mottled dragon hide
 r - a +1 large shield (worn)
 y - a +0 cloak (worn)
 D - a +0 pair of gloves (worn)
 J - a +3 plate armour of cold resistance (worn)
Rods
 q - a +9 rod of clouds (8/17)
   (You found it on level 8 of the Dungeon)
Jewellery
 l - an uncursed ring of flight
 E - an amulet of regeneration (around neck)
 T - a ring of protection from fire (left hand)
 U - a ring of protection from magic (right hand)
Magical devices
 i - a wand of disintegration (6)
 j - a wand of digging (7)
 u - a wand of hasting (4)
 I - a wand of paralysis (17)
 V - a wand of draining (7)
 Y - a wand of digging (12)
Scrolls
 g - 4 scrolls of remove curse
 k - a scroll of fear
 w - 3 scrolls of fog
 C - 2 scrolls of identify
 N - 2 scrolls of amnesia
Potions
 b - a potion of resistance
 z - 2 potions of flight
 A - 3 potions of curing
 B - a potion of cancellation
 F - 3 potions of might
 G - a potion of agility
 L - 3 potions of restore abilities
Books
 c - a book of Frost

   Spells                             Type                      Level
   a - Freeze                         Ice                          1
   b - Throw Frost                    Conjuration/Ice              2
   c - Ozocubu's Armour               Charms/Ice                   3
   d - Throw Icicle                   Conjuration/Ice              4
   e - Summon Ice Beast               Ice/Summoning                4
   f - Condensation Shield            Ice                          4
 P - a book of Minor Magic

   Spells                             Type                      Level
   a - Magic Dart                     Conjuration                  1
   b - Blink                          Translocation                2
   c - Call Imp                       Summoning                    2
   d - Repel Missiles                 Charms/Air                   2
   e - Slow                           Hexes                        2
   f - Conjure Flame                  Conjuration/Fire             3
   g - Mephitic Cloud                 Conjuration/Poison/Air       3
Comestibles
 n - 12 slices of pizza
 p - 12 meat rations
 t - 13 fruits
 x - 2 beef jerkies
 H - 18 bread rations


   Skills:
 * Level 12.3 Fighting
 - Level 17.4 Axes
 - Level 12.8 Armour
 * Level 14.0 Shields
 * Level 11.2 Evocations


You had 15 spell levels left.
You didn't know any spells.

Dungeon Overview and Level Annotations

Branches:
Dungeon (14/15)            Temple (0/1) D:5            Lair (8/8) D:10
 Shoals (0/5) Lair:5        Snake (0/5) Lair:6        Slime (0/6) Lair:8
    Orc (0/4) D:11         Vaults (0/5) D:14

Altars:
Cheibriados
Dithmenos
Elyvilon
Fedhas
Kikubaaqudgha
Makhleb
Nemelex Xobeh
Okawaru
Qazlal
Ru
Sif Muna
Trog
Yredelemnul
The Shining One

Shops:
D:6 }

Annotations:
D:9 Grum
D:11 exclusion: 2 orange crystal statues
D:13 runed door
D:14 Louise


Innate Abilities, Weirdness & Mutations

You are under a permanent stasis effect.
You can dig through walls and to a lower floor.
Your four strong arms can wield two-handed weapons with a shield.
You have a pair of large antennae on your head (SInv).
You are partially covered in icy blue scales (AC +1).
You are clumsy. (Dex -2)
Your natural rate of healing is unusually fast.
You are robust (+10% HP).
You are resistant to electric shocks.
You evolve.
You expend magic power (6 MP) to slightly strengthen your wands.


Message History

You see here a jewelled gold wand.
u - a wand of hasting The Hell Sentinel gestures at you.
The hellfire explodes!
The blast of hellfire engulfs you!
* * * LOW HITPOINT WARNING * * *
Evoke which item? (* to show all) (? for menu, Esc to quit)
Okay, then.
The white imp shouts!
Drink which item? (? for menu, Esc to quit)
You feel agile all of a sudden.
Drink which item? (? for menu, Esc to quit)
You fade into invisibility!
The white imp gestures at you. The puff of frost hits you!
You are very lightly contaminated with residual magic.
Drink which item? (? for menu, Esc to quit)
You feel very mighty all of a sudden. The Hell Sentinel gestures at you.
The hellfire explodes!
The blast of hellfire engulfs you!
You die...

. ≈§§§# # #...#
.....# ..≈≈ ♣§§§
##.. # . .#
≈≈≈.#§.. .. .# ..
.≈≈≈≈.#.....# ## .
≈≈##.#######.##
##..#..#.#...#..#
#.
≈≈.......{..#..#..#
.≈≈≈.##..5.#§..##
.. ≈ ≈≈###.##.@#
.1##. .# ≈ ≈. #..
#..##.. ..# ≈
..##....1. ##.....#
#.#..#.§#....####.
##.#.#..#.#...# #.
# ..#.#.#### .#.##
.# ... . . .. .


You could see a Hell Sentinel and a white imp.

Vanquished Creatures
  2 tentacled starspawn (Abyss:1)
  A tengu reaver (D:12)
  Gastronok (Lair:3)
  A black draconian (Abyss:1)
  The ghost of Kemay the Tortoise, a powerful MiFi of Kikubaaqudgha (Lair:7)
  A vampire knight (D:12)
  A minotaur (Lab)
  Fannar (Lair:1)
  2 ice dragons (IceCv)
  4 vault guards (D:14)
  Harold (Lair:8)
  The ghost of Chiseanne the Protected, a powerful FoFi of Makhleb (D:10)
  A naga warrior (D:13)
  7 hydras
  2 centaur warriors
  5 death yaks (Lair:7)
  2 unseen horrors
  2 ice statues (IceCv)
  2 lindwurms (Lair:8)
  Erolcha (D:11)
  An orc knight (D:13)
  5 hill giants
  9 ugly things (D:14)
  5 griffons
  4 oklob plants
  A griffon (shapeshifter) (D:12)
  4 cyclopes
  8 elephants
  3 manticores
  Maurice (D:8)
  Joseph (D:7)
  3 black mambas
  The ghost of EdwardR the Covered, an experienced MiFi (D:5)
  5 gargoyles
  A komodo dragon (shapeshifter) (D:14)
  15 spiny frogs
  6 komodo dragons
  7 fire drakes
  2 efreet
  2 demonic crawlers (Abyss:1)
  A minotaur zombie (Lab)
  4 giant leeches (Lair:8)
  A wandering mushroom (Lair:5)
  3 polar bears
  Prince Ribbit (D:9)
  A two-headed ogre (D:14)
  2 raiju (Abyss:1)
  A boulder beetle (Lair:4)
  28 blink frogs
  5 basilisks
  A slime creature (D:14)
  8 wyverns
  4 deep elf magi
  2 shadows
  The ghost of karlm the Conjurer, an average DEWz (D:4)
  45 yaks
  A yak (shapeshifter) (D:12)
  12 vampire mosquitoes
  13 hippogriffs
  11 wolves
  A spriggan (D:8)
  14 water moccasins
  2 soldier ants
  A mottled dragon (D:14)
  8 porcupines
  A sky beast (D:10)
  17 ice beasts
  A yellow wasp (D:14)
  12 crocodiles
  2 orc warriors
  8 large abominations (Abyss:1)
  4 hell hounds (Lair:7)
  3 black bears
  A phantom (D:10)
  A boring beetle (Lair:3)
  An eye of draining (D:9)
  5 centaurs
  3 necrophages
  8 ogres
  Duvessa (D:7)
  2 big kobolds
  A gnoll sergeant (D:5)
  Blork the orc (D:7)
  27 giant frogs
  A scorpion (D:7)
  2 electric eels
  7 killer bees
  4 small abominations (Abyss:1)
  3 wights (D:9)
  7 crimson imps
  Dowan (D:7)
  2 goliath beetles
  2 centaur zombies
  3 giant frog zombies
  8 jellies
  2 wyvern simulacra (D:12)
  A centaur skeleton (D:7)
  14 hounds
  8 iguanas
  11 orc wizards
  2 quasits
  Natasha (thrice) (D:3)
  A giant frog skeleton (D:7)
  5 orc priests
  10 worker ants
  14 sheep
  Jessica (D:3)
  A hound skeleton (D:7)
  2 mummies
  17 gnolls
  17 adders
  17 river rats
  3 shadow imps
  2 giant mites
  4 worms
  3 giant geckos
  13 oozes (Lair:2)
  28 orcs
  5 ball pythons
  10 bats
  5 giant cockroaches
  11 hobgoblins
  14 jackals
  22 kobolds
  9 quokkas
  A giant gecko zombie (D:6)
  3 giant newts
  2 giant spores (D:9)
  9 goblins
  2 jackal skeletons (D:4)
  A quokka skeleton (D:7)
  A quokka zombie (D:6)
  11 rats
  4 ballistomycetes (D:9)
  14 fungi
  34 plants
  2 starspawn tentacles (Abyss:1)
772 creatures vanquished.

Vanquished Creatures (collateral kills)
  A plant (Lair:2)
1 creature vanquished.

Vanquished Creatures (others)
  A giant frog (D:9)
  An electric eel (Lair:8)
  An ufetubus (Abyss:2)
  A bat (D:3)
  A bush (Lair:7)
  10 fungi
  6 plants
  3 starspawn tentacles (Abyss:1)
  8 starspawn tentacle segments (Abyss:1)
32 creatures vanquished.

Grand Total: 805 creatures vanquished

Notes
Turn   | Place    | Note
--------------------------------------------------------------
     0 | D:1      | Chiseanne, the Formicid Fighter, began the quest for the Orb.
     0 | D:1      | Reached XP level 1. HP: 18/18 MP: 1/1
    12 | D:1      | Reached XP level 2. HP: 9/25 MP: 3/3
   484 | D:1      | Reached skill level 4 in Shields
   758 | D:1      | Reached XP level 3. HP: 27/30 MP: 4/4
  1566 | D:2      | Found a glowing golden altar of the Shining One.
  1636 | D:2      | Reached XP level 4. HP: 9/38 MP: 5/5
  2313 | D:2      | Reached skill level 5 in Shields
  2843 | D:3      | Noticed Jessica
  2883 | D:3      | Killed Jessica
  2883 | D:3      | Reached XP level 5. HP: 39/43 MP: 7/7
  2895 | D:3      | Noticed Natasha
  2907 | D:3      | Gained mutation: You are partially covered in icy blue scales (AC +1). [potion of mutation]
  2907 | D:3      | Gained mutation: You are resistant to electric shocks. [potion of mutation]
  2907 | D:3      | Gained mutation: Your natural rate of healing is unusually fast. [potion of mutation]
  2931 | D:3      | Killed Natasha
  2931 | D:3      | Reached skill level 5 in Fighting
  3276 | D:3      | Noticed Natasha
  3292 | D:3      | Killed Natasha
  3298 | D:3      | Found a shadowy altar of Dithmenos.
  3299 | D:3      | Found an iron altar of Okawaru.
  3467 | D:3      | Noticed Natasha
  3472 | D:3      | Killed Natasha
  3691 | D:4      | Noticed karlm's ghost (average DEWz)
  3697 | D:4      | Reached skill level 6 in Shields
  3697 | D:4      | Reached XP level 6. HP: 48/51 MP: 8/8
  3983 | D:4      | Found a stormy altar of Qazlal.
  3990 | D:4      | Noticed a water elemental
  3990 | D:4      | Noticed an air elemental
  3990 | D:4      | Noticed a fire elemental
  4269 | D:4      | Reached skill level 7 in Shields
  4275 | D:4      | Reached XP level 7. HP: 25/57 MP: 9/9
  4807 | D:4      | Killed karlm's ghost
  5404 | D:5      | Entered Level 5 of the Dungeon
  5572 | D:5      | Reached skill level 8 in Shields
  5577 | D:5      | Reached XP level 8. HP: 8/67 MP: 11/11
  5768 | D:5      | Found a sacrificial altar of Ru.
  6084 | D:5      | Noticed EdwardR's ghost (experienced MiFi)
  6085 | D:5      | Found a staircase to the Ecumenical Temple.
  6104 | D:5      | You fall through a shaft for 3 floors!
  6104 | D:8      | Noticed a spriggan
  6106 | D:8      | Reached skill level 9 in Shields
  6114 | D:8      | You fall through a shaft!
  6272 | D:9      | Noticed Grum
  6361 | D:8      | Identified a +0 rod of clouds (11/11) (You found it on level 8 of the Dungeon)
  6573 | D:8      | Noticed Maurice
  6591 | D:8      | Killed Maurice
  6591 | D:8      | Reached skill level 1 in Evocations
  6591 | D:8      | Reached XP level 9. HP: 73/75 MP: 11/14
  6675 | D:8      | Reached skill level 10 in Shields
  6818 | D:8      | Killed a spriggan
  7170 | D:9      | Found a bloodstained altar of Trog.
  7170 | D:9      | Found a basalt altar of Yredelemnul.
  7217 | D:7      | Found a snail-covered altar of Cheibriados.
  7236 | D:7      | Found a burning altar of Makhleb.
  7236 | D:7      | Found a blossoming altar of Fedhas.
  7236 | D:7      | Found an ancient bone altar of Kikubaaqudgha.
  7244 | D:7      | Became a worshipper of Makhleb the Destroyer
  7276 | D:7      | Found a sparkling altar of Nemelex Xobeh.
  7498 | D:7      | Reached skill level 11 in Shields
  7600 | D:7      | Acquired Makhleb's first power
  7659 | D:7      | Noticed Dowan
  7660 | D:7      | Noticed Duvessa
  7671 | D:7      | Killed Duvessa
  7735 | D:7      | Killed Dowan
  7735 | D:7      | Reached skill level 10 in Fighting
  7939 | D:7      | Found a sparkling altar of Nemelex Xobeh.
  7994 | D:7      | Noticed Blork the orc
  7996 | D:7      | Noticed Joseph
  8015 | D:7      | Killed Joseph
  8015 | D:7      | Reached XP level 10. HP: 77/86 MP: 17/18
  8039 | D:7      | Killed Blork the orc
  8058 | D:7      | Found a deep blue altar of Sif Muna.
  8497 | D:6      | Reached skill level 5 in Evocations
  8733 | D:6      | Acquired Makhleb's second power
  8759 | D:6      | Found Keppuon's Gadget Shoppe.
  8834 | D:6      | Found a white marble altar of Elyvilon.
  9285 | D:5      | Killed EdwardR's ghost
  9386 | D:5      | Reached skill level 5 in Armour
  9742 | D:9      | Reached skill level 5 in Axes
  9801 | D:9      | Acquired Makhleb's third power
  9972 | D:9      | Noticed Prince Ribbit
  9978 | D:9      | Killed Prince Ribbit
 10238 | D:10     | Entered Level 10 of the Dungeon
 10312 | D:10     | Reached XP level 11. HP: 92/92 MP: 22/22
 10565 | D:10     | Noticed an unseen horror
 10577 | D:10     | Killed an unseen horror
 10645 | D:10     | Noticed Chiseanne's ghost (powerful FoFi)
 10701 | D:10     | Killed Chiseanne's ghost
 10879 | D:10     | Found a staircase to the Lair.
 10906 | D:10     | Noticed a gargoyle
 10932 | D:10     | Killed a gargoyle
 11272 | Lair:1   | Entered Level 1 of the Lair of Beasts
 11320 | Lair:1   | Acquired Makhleb's fourth power
 11497 | Lair:1   | Noticed Fannar
 11539 | Lair:1   | Killed Fannar
 11637 | Lair:1   | Reached XP level 12. HP: 80/98 MP: 24/24
 11740 | Lair:1   | Found a burning altar of Makhleb.
 12242 | Lair:2   | Noticed an eight-headed hydra
 12260 | Lair:2   | Killed an eight-headed hydra
 12260 | Lair:2   | Reached skill level 10 in Axes
 12637 | Lair:2   | Acquired Makhleb's fifth power
 13780 | Lair:3   | Noticed Gastronok
 13792 | Lair:3   | Killed Gastronok
 13854 | Lair:3   | Reached skill level 12 in Axes
 13962 | Lair:3   | Reached XP level 13. HP: 95/104 MP: 26/26
 14797 | Lair:4   | Found a labyrinth entrance.
 14805 | Lab      | Entered a labyrinth
 15001 | Lab      | Reached skill level 10 in Armour
 15266 | Lab      | Noticed a minotaur
 15274 | Lab      | Killed a minotaur
 15274 | Lab      | Reached skill level 13 in Axes
 15339 | Lab      | Got a shimmering plate armour
 15361 | Lab      | Identified the +1 plate armour of Birdsong {rF+ Stlth+} (You found it in a labyrinth)
 15935 | Lair:4   | Gained mutation: You evolve. [potion of beneficial mutation]
 16313 | Lair:5   | Got a creamy pearl robe
 16364 | Lair:5   | Identified the +1 robe of Unaply {+Rage} (You found it on level 5 of the Lair of Beasts)
 16397 | Lair:5   | Found a staircase to the Shoals.
 17488 | Lair:6   | Found a staircase to the Snake Pit.
 17620 | Lair:6   | Reached skill level 14 in Axes
 17692 | Lair:6   | Found a frozen archway.
 17705 | IceCv    | Entered an ice cave
 17753 | IceCv    | Gained mutation: You are robust (+10% HP). [evolution]
 17796 | IceCv    | Reached XP level 14. HP: 122/122 MP: 28/28
 19019 | Lair:7   | Reached skill level 15 in Axes
 19142 | Lair:7   | Noticed Kemay's ghost (powerful MiFi)
 19157 | Lair:7   | Killed Kemay's ghost
 19518 | Lair:7   | Reached skill level 10 in Evocations
 19560 | Lair:7   | Reached skill level 16 in Axes
 19790 | Lair:8   | Entered Level 8 of the Lair of Beasts
 19858 | Lair:8   | Reached XP level 15. HP: 128/128 MP: 29/29
 19859 | Lair:8   | Found a staircase to the Slime Pits.
 20073 | Lair:8   | Noticed Harold
 20091 | Lair:8   | Killed Harold
 20203 | Lair:8   | Got a ripped robe
 20214 | Lair:8   | Identified the cursed -1 robe of Broken Taboos {rC+ Int+3} (You found it on level 8 of the Lair of Beasts)
 20747 | Lair:8   | Got a scintillating ruby amulet
 20748 | Lair:8   | Identified the amulet of Biogeyd {+Rage Str-3 Int-3} (You found it on level 8 of the Lair of Beasts)
 20797 | Lair:8   | Got an ebony quarterstaff
 20798 | Lair:8   | Identified the +1 quarterstaff "Bopy" {holy, rElec rN+ Dex+1} (You found it on level 8 of the Lair of Beasts)
 21535 | Lair:8   | Reached skill level 17 in Axes
 22371 | D:11     | Found a staircase to the Orcish Mines.
 22679 | D:11     | Noticed Erolcha
 22692 | D:11     | Killed Erolcha
 23383 | D:12     | Noticed a tengu reaver
 23408 | D:12     | Killed a tengu reaver
 24576 | D:13     | Found a large runed door.
 24577 | D:13     | Found a large runed door.
 24590 | D:13     | Found an iron altar of Okawaru.
 24591 | D:13     | Found an iron altar of Okawaru.
 24702 | D:13     | Got a steaming battleaxe
 24707 | D:13     | Identified the +2 battleaxe "Veaco" {flame, *Rage +Blink MR+ SInv} (You found it on level 13 of the Dungeon)
 25562 | D:14     | Reached XP level 16. HP: 136/136 MP: 31/31
 25693 | D:14     | Found a gate to the Vaults.
 25806 | D:14     | Noticed Louise
 25811 | D:14     | Cast into the Abyss (Louise)
 26091 | Abyss:1  | Noticed a tentacled starspawn
 26104 | Abyss:1  | Killed a tentacled starspawn
 26120 | Abyss:1  | Noticed a tentacled starspawn
 26132 | Abyss:1  | Killed a tentacled starspawn
 26192 | Abyss:1  | Noticed a lich
 26194 | Abyss:1  | Noticed a Brimstone Fiend
 26214 | Abyss:1  | Noticed a tentacled monstrosity
 26215 | Abyss:1  | Found a shimmering altar of Xom.
 26275 | Abyss:2  | Noticed a Hell Sentinel
 26287 | Abyss:2  | Gained mutation: You are clumsy. (Dex -2) [a neqoxec]
 26295 | Abyss:2  | Gained mutation: You expend magic power (6 MP) to slightly strengthen your wands. [a neqoxec]
 26313 | Abyss:2  | Killed from afar by a Hell Sentinel

Action                   |  1- 3 |  4- 6 |  7- 9 | 10-12 | 13-15 | 16-18 || total
-------------------------+-------+-------+-------+-------+-------+-------++-------
Melee: War axe           |    82 |   110 |   358 |     7 |       |       ||   557
       Halberd           |       |   191 |       |       |       |       ||   191
       Unarmed           |       |       |     5 |       |       |       ||     5
       Broad axe         |       |       |       |   596 |  1044 |     8 ||  1648
       Flail             |       |       |       |    19 |       |       ||    19
       Morningstar       |       |       |       |       |   108 |       ||   108
       Battleaxe         |       |       |       |       |    41 |   132 ||   173
Throw: Tomahawk          |       |     2 |     5 |       |       |       ||     7
       Throwing net      |       |       |     2 |     1 |     5 |       ||     8
       Javelin           |       |       |       |       |     2 |       ||     2
 Abil: Dig               |     2 |     8 |     9 |    30 |    58 |     6 ||   113
       Shaft Self        |       |       |     2 |       |       |       ||     2
       Evoke Flight      |       |       |       |     1 |       |       ||     1
Evoke: Rod               |       |       |    14 |    32 |    52 |     8 ||   106
       Wand              |       |       |       |     3 |     2 |       ||     5
  Use: Scroll            |     7 |     5 |     7 |     8 |    25 |     1 ||    53
       Potion            |       |     7 |     3 |     3 |     3 |     4 ||    20
 Stab: Confused          |       |       |     3 |     8 |     2 |       ||    13
       Distracted        |       |       |       |       |     1 |       ||     1
       Paralysed         |       |       |       |       |     2 |       ||     2
  Eat: Chunk             |     2 |    10 |    18 |    30 |    41 |     5 ||   106
       Fruit             |       |       |     4 |     4 |    27 |    11 ||    46
       Royal jelly       |       |       |     1 |       |       |       ||     1
       Pizza             |       |       |       |     2 |       |       ||     2
       Beef jerky        |       |       |       |     2 |     4 |       ||     6
